AoeStats
← tobesch

Arabia

508718053Analyzed
1v1 RM · 8d ago on Sep 23, 2026· 49m 3s· 2 players
Game mode
Random Map
Map size
Tiny (2 player)
Population
200
Speed
Normal
Resources
Standard
Victory
Conquest
Starting age
Dark Age
Ending age
Imperial Age
RankedLock teamsTeams togetherTeam positionsShared explorationLock speedFull tech treeHidden civsTurbo modeCheats
Victory
Defeat
🇫🇮 Byzantines · Finland
1109
+15
🇩🇪 Magyars · Germany
1078
-15
tobesch
7:21 Loom
10:33 Feudal Age
11:07 Horse Collar
11:13 Double-Bit Axe
21:46 Castle Age
20:09 Bloodlines
20:07 Scale Barding Armor
21:57 Gold Mining
22:31 Light Cavalry
23:17 Husbandry
25:01 Chain Barding Armor
28:58 Heavy Plow
29:11 Bow Saw
30:49 Pikeman
35:31 Wheelbarrow
35:04 Fletching
38:08 Thumb Ring
38:05 Padded Archer Armor
38:01 Bodkin Arrow
38:46 Scale Mail Armor
39:03 Leather Archer Armor
41:36 Imperial Age
39:23 Hand Cart
40:54 Corvinian Army
41:32 Stone Mining
41:58 Cavalier
43:39 Conscription
43:29 Bracer
44:07 Plate Barding Armor
44:02 Ring Archer Armor
43:22 Heavy Cavalry Archer
46:39 Crop Rotation
47:12 Two-Man Saw
47:06 Ballistics
47:47 Chemistry
48:19 Parthian Tactics
Masinist
6:05 Loom
8:27 Feudal Age
9:58 Double-Bit Axe
11:18 Horse Collar
21:10 Castle Age
20:59 Wheelbarrow
20:58 Scale Barding Armor
22:02 Forging
22:14 Chain Barding Armor
24:48 Iron Casting
28:24 Bow Saw
30:15 Heavy Plow
31:52 Gold Mining
34:49 Hand Cart
39:54 Imperial Age
39:01 Stone Mining
41:06 Conscription
40:57 Logistica
40:08 Elite Cataphract
41:53 Plate Barding Armor
41:28 Husbandry
43:33 Light Cavalry
44:56 Fletching
45:06 Padded Archer Armor
45:36 Ballistics
46:17 Chemistry
46:08 Bodkin Arrow
45:37 Elite Skirmisher
46:23 Thumb Ring
47:07 Bracer
47:23 Leather Archer Armor
47:08 Scale Mail Armor
46:33 Pikeman
47:14 Squires
Connection lost

Rejoining the realm…

Still unreachable

The connection could not be restored.

Session expired

The server has moved on; the page needs a fresh start.